 Dungeon Crawl Stone Soup version 0.27-a0-1149-g4505690 (webtiles) character file.

Game seed: 14860212423165669092

105 Meow the Stinger (level 4, -5/36 HPs)
             Began as a Naga Venom Mage on May 13, 2021.
             Killed from afar by a white imp (10 damage)
             ... with a puff of frost
             ... on level 6 of the Dungeon.
             The game lasted 00:10:35 (1854 turns).

Meow the Stinger (Naga Venom Mage)                  Turns: 1854, Time: 00:10:36

Health: -5/36      AC:  3    Str: 10    XL:     4   Next: 81%
Magic:  2/8        EV:  9    Int: 17    God:
Gold:   104        SH:  0    Dex: 11    Spells: 2/9 levels left

rFire    . . .     SeeInvis +   b - +2 dagger (venom)
rCold    . . .     Faith    .   (no shield)
rNeg     . . .     Spirit   .   r - +0 robe
rPois    +         Reflect  .   (no helmet)
rElec    .         Harm     .   o - +0 cloak
rCorr    .         Rampage  .   (no gloves)
Will     .....                  (no barding)
Stlth    +++.......             (no amulet)
HPRegen  0.12/turn              (no ring)
MPRegen  0.11/turn              (no ring)

@: flying, very slow
A: AC +1, large, see invisible, deformed body, poison resistance, slowness 2,
spit poison 1, naga tail 1
a: Spit Poison


You were on level 6 of the Dungeon.
You visited 1 branch of the dungeon, and saw 5 of its levels.

You collected 104 gold pieces.

Inventory:

Hand Weapons
 a - a +0 hunting sling
 b - a +2 dagger of venom (weapon)
 c - a +0 hand axe
 u - a +0 short sword
Missiles
 d - 23 stones (quivered)
 f - 41 arrows
 i - 12 poisoned darts
 s - 15 sling bullets
Armour
 j - a +0 buckler
 o - a +0 cloak (worn)
 r - a +0 robe (worn)
Jewellery
 q - a ring of poison resistance
Scrolls
 h - a scroll of immolation
 t - a scroll of teleportation {unknown}
Potions
 k - a potion of lignification
 l - a potion of brilliance {unknown}
 m - a potion of ambrosia {unknown}
 n - a potion of flight
 p - a potion of heal wounds {unknown}


   Skills:
 - Level 1.5 Dodging
 + Level 4.9 Stealth
 + Level 0.4 Shields
 + Level 3.0 Spellcasting
 - Level 1.0 Transmutations
 + Level 5.1 Poison Magic


You had 2 spell levels left.
You knew the following spells:

 Your Spells              Type           Power      Damage    Failure   Level
a - Sting                 Tmut/Pois      52%        1d5       4%          1
c - Mephitic Cloud        Conj/Pois/Air  8%         N/A       26%         3
C - Ignite Poison         Fire/Tmut/Pois 9%         N/A       22%         3

Your spell library contained the following spells:

 Spells                   Type           Power      Damage    Failure   Level
 Poisonous Vapours        Pois/Air       22%        N/A       9%          2
 Beastly Appendage        Tmut           12%        N/A       12%         1
 Wereblood                Tmut           6%         N/A       17%         2
 Spider Form              Tmut/Pois      6%         N/A       14%         3
 Olgreb's Toxic Radiance  Pois           20%        N/A       21%         4
 Ice Form                 Ice/Tmut       4%         N/A       80%         4
 Hydra Form               Tmut           3%         N/A       97%         5


Dungeon Overview and Level Annotations

Branches:
Dungeon (6/15)
 Temple: D:4-7

Altars:
Uskayaw

Annotations:
D:5 Blork the orc


Innate Abilities, Weirdness & Mutations

Your serpentine skin is tough. (AC +1)
You have supernaturally acute eyesight. (SInv)
Armour fits poorly on your strangely shaped body.
Your system is resistant to poisons. (rPois)
You cover ground very slowly.
You can spit poison.
You have a snake-like lower body.


Message History

Unknown command.
It was a potion of curing.
You feel better. The sky beast hits you. The sky beast shocks you.
You closely miss the sky beast.
The sky beast is moderately wounded.
The sky beast hits you. The sky beast shocks you.
Unknown command.
The white imp hits you. The white imp freezes you.
Okay, then.
It was a potion of flight.
You feel very buoyant.
You fly up into the air.
The white imp hits you. The white imp freezes you.
You feel better.
You have got your breath back.
The white imp gestures at you. The puff of frost hits you.
As you read the scroll labelled HOAWOH CAOST, it crumbles to dust.
It is a scroll of identify.
k - a potion of lignification The white imp gestures at you.
The puff of frost hits you!
Okay, then.
The white imp gestures at you. The puff of frost hits you.
* * * LOW HITPOINT WARNING * * *
Your magical contamination has completely faded away.
You feel better.
A black bear comes into view.
The white imp summons a swarm of flies.
The white imp barely misses you.
A worm comes into view.
The white imp gestures at you. The puff of frost hits you!
* * * LOW HITPOINT WARNING * * *
The white imp gestures at you. The puff of frost misses you.
The puff of frost hits the black bear!
The black bear growls angrily.
The white imp gestures at you. The puff of frost hits you!
You die...

#≈ ≈.... #≈ ≈... #
#≈#..w# .. #≈≈≈..#..
######≈≈....#..
.......h...!.#.
#............?#
#......@#### ####
##......#..# .....
##......#..####.....
#...O.Y5##.#.#......
##
#...##.....#.#)5.....
#.##.###..#
#...##.#Y# #........#
#...#..### #..#
#...#..# ##.#
#..##### ## ##


You could see a black bear, a sky beast (poisoned), an ogre, a worm and a white
imp.

Vanquished Creatures
  4 adders
  3 worms (D:2)
  3 dart slugs
  An orc (D:6)
  8 endoplasms
  3 giant cockroaches
  4 goblins
  2 hobgoblins
  5 jackals (D:1)
  2 quokkas
  3 ball pythons
  3 bats
  5 kobolds
  4 rats
50 creatures vanquished.

Notes
Turn   | Place    | Note
-------+----------+-------------------------------------------
     0 | D:1      | Meow the Naga Venom Mage began the quest for the Orb.
     0 | D:1      | Reached XP level 1. HP: 15/15 MP: 3/3
    77 | D:1      | You fall into a shaft and drop 1 floor!
   110 | D:2      | Found a hide-covered altar of Uskayaw.
   132 | D:1      | Reached XP level 2. HP: 22/22 MP: 5/5
   352 | D:1      | Found a faded altar of an unknown god.
   420 | D:1      | Reached XP level 3. HP: 25/28 MP: 2/6
  1186 | D:2      | Reached XP level 4. HP: 29/36 MP: 4/8
  1190 | D:2      | Learned a level 3 spell: Mephitic Cloud
  1241 | D:2      | Reached skill level 5 in Poison Magic
  1637 | D:3      | You fall into a shaft and drop 3 floors!
  1676 | D:6      | Learned a level 3 spell: Ignite Poison
  1684 | D:5      | Entered Level 5 of the Dungeon
  1684 | D:5      | Noticed Blork the orc
  1796 | D:6      | Noticed an ogre
  1830 | D:6      | Noticed a sky beast
  1851 | D:6      | Noticed a black bear
  1854 | D:6      | Killed from afar by a white imp

Illustrated notes

Levels and vault maps discovered:
D:1:      sevenhm_arrival_forest_fort_large_4, layout_rooms,
          basic_ecumenical_altar
D:2:      layout_rooms, basic_altar
D:3:      layout_basic, amcnicky_altar_gilded
D:5:      layout_loops_corners, uniq_blork_the_orc
D:6:      layout_layer_cave, nicolae_overflow_hidden_temple,
          lightli_sewer_entry_pipes, wad_rectangle_vault

Skill      XL: |  1  2  3  4 |
---------------+-------------+-----
Stealth        | 4 |  4.9
Poison Magic   | 5 |  5.1
Spellcasting   | 3 |  3.0
Dodging        | |  1.5
Shields        | |  0.4
Transmutations | |  1.0

Action                   |  1- 3 |  4- 6 || total
-------------------------+-------+-------++-------
Melee: Short sword       |     5 |       ||     5
       Dagger            |       |     3 ||     3
 Fire: Hunting sling     |       |     3 ||     3
Throw: Stone             |    11 |     7 ||    18
 Cast: Sting             |    33 |    14 ||    47
       Mephitic Cloud    |       |     1 ||     1
       Ignite Poison     |       |     1 ||     1
 Abil: Spit Poison       |    47 |    10 ||    57
  Use: Scroll            |     1 |     1 ||     2
       Potion            |       |     4 ||     4
Armor: Robe              |     7 |     3 ||    10
Dodge: Dodged            |    11 |    13 ||    24

Table legend: (Time is in decaauts)
 A = Elapsed time spent in this place.
 B = Non-inter-level travel time spent in this place.
 C = Inter-level travel time spent in this place.
 D = Time resting spent in this place.
 E = Time spent auto-exploring this place.
 F = Levels seen in this place.
 G = Mean time per level.
                   A        B        C        D        E       F      G
               +--------+--------+--------+--------+--------+-----+--------+
         Total |   2432 |   2207 |    225 |    170 |   1275 |   5 |  486.4 |
       Dungeon |   2432 |   2207 |    225 |    170 |   1275 |   5 |  486.4 |
               +--------+--------+--------+--------+--------+-----+--------+

Top non-repeatable levels by time:
     D:1: 1343 daAuts
     D:2: 742 daAuts
     D:6: 280 daAuts
     D:3: 59 daAuts
     D:5: 7 daAuts
